AoeStats
← bibimiraglia

Arabia

508013191Analyzed
1v1 RM · 12d ago on Sep 20, 2026· 41m 59s· 2 players
Game mode
Random Map
Map size
Tiny (2 player)
Population
200
Speed
Normal
Resources
Standard
Victory
Conquest
Starting age
Dark Age
Ending age
Imperial Age
RankedLock teamsTeams togetherTeam positionsShared explorationLock speedFull tech treeHidden civsTurbo modeCheats
Victory
Defeat
🇮🇪 Sicilians · Ireland
759
+14
🇺🇸 Burgundians · United States
725
-14
bibimiraglia
6:27 Loom
10:49 Feudal Age
9:39 Double-Bit Axe
10:16 Horse Collar
22:43 Castle Age
22:41 Fletching
22:52 Padded Archer Armor
23:47 Scale Barding Armor
27:58 Gold Mining
37:37 Elite Skirmisher
beazzlebub
11:33 Feudal Age
13:45 Loom
16:52 Double-Bit Axe
16:50 Horse Collar
17:47 Wheelbarrow
19:24 Arson
20:05 Fletching
20:16 Scale Mail Armor
26:09 Castle Age
26:06 Forging
26:24 Town Watch
27:25 Bodkin Arrow
27:46 Chain Mail Armor
28:41 Iron Casting
28:27 Stone Mining
31:54 Squires
33:29 Ballistics
33:05 Murder Holes
39:47 Imperial Age
40:38 Bracer
41:39 Blast Furnace
41:10 Plate Mail Armor
41:01 Town Patrol
42:04 Stone Shaft Mining
Connection lost

Rejoining the realm…

Still unreachable

The connection could not be restored.

Session expired

The server has moved on; the page needs a fresh start.